NCAA
TEXAS LONGHORNS @ OKLAHOMA SOONERS
03/12/1972
 
TOP OF THE 1ST
Texas Longhorns batting - Pitching for Oklahoma Sooners : RHP Dave Grant
Pitching: RHP Dave Grant
Batting: LHB Alfonso Liriano 0-0: Bunt for hit - play at first, batter OUT! 1-3
Batting: RHB Tony de Leon 0-0: Ball
1-0: Ball
2-0: Ball
3-0: Base on Balls
Batting: LHB David Hernandez 0-0: Ball
1-0: Ball
2-0: Fly out, F9 (Flyball, 9D)
Batting: LHB Brad Reis Balk!
Tony de Leon to second
0-0: Ball
1-0: DOUBLE (Line Drive, 89D)
Tony de Leon scores
Batting: SHB David Martin 0-0: Ball
1-0: Ball
2-0: Foul Ball, location: 2F
2-1: Called Strike
2-2: Foul Ball, location: 2F
2-2: Ball
3-2: Base on Balls
Batting: SHB Zach Bolton 0-0: SINGLE (Line Drive, 89S)
Brad Reis to third
David Martin to second
Runner from 3rd tries for Home, SAFE, no throw
Batting: SHB Craig Hopkinson 0-0: Called Strike
0-1: Ball
1-1: Single, Error in OF, E9, batter to second base
David Martin scores
Zach Bolton to third
Batting: RHB Kyle Page 0-0: Ball
1-0: Ball
2-0: Called Strike
2-1: Ball
3-1: Base on Balls
Batting: RHB Pat Willis 0-0: Fielders Choice at 2nd, 6-4 (Groundball, 6)
Top of the 1st over - 3 runs, 3 hits, 1 error, 3 left on base; Texas 3 - Oklahoma 0
BOTTOM OF THE 1ST
Oklahoma Sooners batting - Pitching for Texas Longhorns : RHP Scott Hughes
Pitching: RHP Scott Hughes
Batting: LHB Jake Dingler 0-0: Ball
1-0: Ground out U3 (Groundball, 3L)
Batting: LHB Ken Wood 0-0: Foul Ball, location: 2F
0-1: SOLO HOME RUN (Flyball, 9LD), Distance : 355 ft
Batting: SHB David Logsdon 0-0: Called Strike
0-1: Ball
1-1: Ball
2-1: Foul Ball, location: 2F
2-2: Foul Ball, location: 2F
2-2: Ground out 1-3 (Groundball, 13S)
Batting: RHB Bronson Shanks 0-0: Called Strike
0-1: Ground out 6-3 (Groundball, 6)
Bottom of the 1st over - 1 run, 1 hit, 0 errors, 0 left on base; Texas 3 - Oklahoma 1
TOP OF THE 2ND
Texas Longhorns batting - Pitching for Oklahoma Sooners : RHP Dave Grant
Batting: LHB Alfonso Liriano 0-0: Called Strike
0-1: Foul Ball, location: 2F
0-2: Strikes out swinging
Batting: RHB Tony de Leon 0-0: Called Strike
0-1: Ground out 1-3 (Groundball, 15S)
Batting: LHB David Hernandez 0-0: Called Strike
0-1: Ball
1-1: Foul Ball, location: 2F
1-2: Foul Ball, location: 2F
1-2: Strikes out swinging
Top of the 2nd over - 0 runs, 0 hits, 0 errors, 0 left on base; Texas 3 - Oklahoma 1
BOTTOM OF THE 2ND
Oklahoma Sooners batting - Pitching for Texas Longhorns : RHP Scott Hughes
Batting: LHB Jonathan Vigil 0-0: Ball
1-0: Ball
2-0: Ground out 4-3 (Groundball, 4MS)
Batting: SHB Quincy Slaughter 0-0: Ball
1-0: Ball
2-0: Ball
3-0: Swinging Strike
3-1: Foul Ball, location: 2F
3-2: Foul Ball, location: 2F
3-2: Strikes out swinging passed ball, reaches first!
Batting: LHB Mike Wiant 0-0: Called Strike
0-1: Ball
1-1: Foul Ball, location: 2F
1-2: Fielders Choice at 2nd, 4-6 (Groundball, 4)
Batting: RHB Matt Eberhardt 0-0: Foul Ball, location: 2F
0-1: Fly out, F1 (Line Drive, 15)
Bottom of the 2nd over - 0 runs, 0 hits, 0 errors, 1 left on base; Texas 3 - Oklahoma 1
TOP OF THE 3RD
Texas Longhorns batting - Pitching for Oklahoma Sooners : RHP Dave Grant
Batting: LHB Brad Reis 0-0: Ball
1-0: Ball
2-0: Called Strike
2-1: Swinging Strike
2-2: Foul Ball, location: 2F
2-2: Foul Ball, location: 2F
2-2: Ball
3-2: Strikes out swinging
Batting: SHB David Martin 0-0: Called Strike
0-1: Ball
1-1: Ball
2-1: Swinging Strike
2-2: Ball
3-2: Strikes out swinging
Batting: SHB Zach Bolton 0-0: Ball
1-0: Ball
2-0: Swinging Strike
2-1: Ball
3-1: Base on Balls
Batting: SHB Craig Hopkinson 0-0: Fly out, F9 (Flyball, 9LS)
Top of the 3rd over - 0 runs, 0 hits, 0 errors, 1 left on base; Texas 3 - Oklahoma 1
BOTTOM OF THE 3RD
Oklahoma Sooners batting - Pitching for Texas Longhorns : RHP Scott Hughes
Batting: RHB Jarred Ryan 0-0: Called Strike
0-1: Ball
1-1: Ball
2-1: Ball
3-1: Base on Balls
Batting: LHB Jake Dingler 0-0: Ball
1-0: Ball
2-0: Fly out, F9 (Flyball, 9LMF)
Batting: LHB Ken Wood 0-0: Called Strike
0-1: Ball
1-1: Ball
2-1: SINGLE (Line Drive, 34D)
Jarred Ryan to second
Runner from 2nd tries for 3rd, SAFE, no throw
Batting: SHB David Logsdon 0-0: Called Strike
0-1: SINGLE (Line Drive, 78S)
Jarred Ryan scores
Ken Wood to second
Batting: RHB Bronson Shanks 0-0: Ball
1-0: Called Strike
1-1: Foul Ball, location: 2F
1-2: Fly out, F9 (Flyball, 89M)
Batting: LHB Jonathan Vigil 0-0: Ball
1-0: Called Strike
1-1: Swinging Strike
1-2: Fly out, F9 (Line Drive, 9)
Bottom of the 3rd over - 1 run, 2 hits, 0 errors, 2 left on base; Texas 3 - Oklahoma 2
TOP OF THE 4TH
Texas Longhorns batting - Pitching for Oklahoma Sooners : RHP Dave Grant
Batting: RHB Kyle Page 0-0: Fly out, F8 (Flyball, 8RD)
Batting: RHB Pat Willis 0-0: SINGLE (Line Drive, 78S)
Batting: LHB Alfonso Liriano 0-0: Called Strike
0-1: Ball
1-1: Foul Ball, location: 2F
1-2: Foul Ball, location: 2F
1-2: Foul Ball, location: 2F
1-2: Strikes out swinging
Batting: RHB Tony de Leon 0-0: Ball
1-0: Ground out 3-1 (Groundball, 34)
Top of the 4th over - 0 runs, 1 hit, 0 errors, 1 left on base; Texas 3 - Oklahoma 2
BOTTOM OF THE 4TH
Oklahoma Sooners batting - Pitching for Texas Longhorns : RHP Scott Hughes
Batting: SHB Quincy Slaughter 0-0: Ball
1-0: Ground out 4-3 (Groundball, 4)
Batting: LHB Mike Wiant 0-0: Ground out 5-3 (Groundball, 56S)
Batting: RHB Matt Eberhardt 0-0: Ball
1-0: Foul Ball, location: 2F
1-1: SINGLE (Line Drive, 6D)
Batting: RHB Jarred Ryan 0-0: Ground out 1-3 (Groundball, P)
Bottom of the 4th over - 0 runs, 1 hit, 0 errors, 1 left on base; Texas 3 - Oklahoma 2
TOP OF THE 5TH
Texas Longhorns batting - Pitching for Oklahoma Sooners : RHP Dave Grant
Batting: LHB David Hernandez 0-0: Called Strike
0-1: Foul Ball, location: 2F
0-2: Ball
1-2: Ball
2-2: Ground out 6-3 (Groundball, 6)
Batting: LHB Brad Reis 0-0: Ball
1-0: Ball
2-0: Called Strike
2-1: Ball
3-1: Base on Balls
Batting: SHB David Martin 0-0: Ball
1-0: Foul Ball, location: 2F
1-1: Ball
Brad Reis steals 2nd base
2-1: Ground out U3 (Groundball, 3)
Brad Reis to third
Batting: SHB Zach Bolton 0-0: Ball
1-0: Called Strike
1-1: Ball
2-1: Ground out 4-3 (Groundball, 4)
Top of the 5th over - 0 runs, 0 hits, 0 errors, 1 left on base; Texas 3 - Oklahoma 2
BOTTOM OF THE 5TH
Oklahoma Sooners batting - Pitching for Texas Longhorns : RHP Scott Hughes
Batting: LHB Jake Dingler 0-0: Ball
1-0: Ball
2-0: Ball
3-0: Called Strike
3-1: Foul Ball, location: 2F
3-2: Base on Balls
Batting: LHB Ken Wood 0-0: Called Strike
0-1: Ball
1-1: Swinging Strike
1-2: Ball
2-2: Foul Ball, location: 2F
2-2: Ball
3-2: Base on Balls
Jake Dingler to second
Batting: SHB David Logsdon 0-0: Foul Ball, location: 2F
0-1: Ball
1-1: Called Strike
1-2: Ball
2-2: Ball
3-2: Foul Ball, location: 2F
3-2: Base on Balls
Jake Dingler to third
Ken Wood to second
Batting: RHB Bronson Shanks 0-0: Ball
1-0: Ball
2-0: Fly out, F9 (Flyball, 9S)
Batting: LHB Jonathan Vigil 0-0: SINGLE (Groundball, 34D)
Jake Dingler scores
Ken Wood to third
David Logsdon to second
Batting: SHB Quincy Slaughter 0-0: Ball
1-0: Foul Ball, location: 2F
1-1: Ball
2-1: Foul Ball, location: 2F
2-2: Foul Ball, location: 2F
2-2: Foul Ball, location: 2F
2-2: Grounds into fielders choice 1-2 (Groundball, P)
David Logsdon to third
Jonathan Vigil to second
Batting: LHB Mike Wiant 0-0: Foul Ball, location: 2F
0-1: Swinging Strike
0-2: Ball
1-2: Strikes out swinging
Bottom of the 5th over - 1 run, 1 hit, 0 errors, 3 left on base; Texas 3 - Oklahoma 3
TOP OF THE 6TH
Texas Longhorns batting - Pitching for Oklahoma Sooners : RHP Dave Grant
Batting: SHB Craig Hopkinson 0-0: Ball
1-0: Ball
2-0: Foul Ball, location: 2F
2-1: Ball
3-1: Swinging Strike
3-2: Fly out, F6 (Line Drive, 6M)
Batting: RHB Kyle Page 0-0: Ball
1-0: Ground out U3 (Groundball, 34S)
Batting: RHB Pat Willis 0-0: Called Strike
0-1: Ball
1-1: SINGLE (Line Drive, 56D)
Batting: LHB Alfonso Liriano 0-0: Called Strike
0-1: SINGLE (Flyball, 7S)
Pat Willis to second
Batting: RHB Tony de Leon 0-0: SINGLE (Groundball, 6MD)
Pat Willis to third
Alfonso Liriano to second
Runner from 3rd tries for Home, SAFE, no throw
Batting: LHB David Hernandez 0-0: Called Strike
0-1: Ball
1-1: Ball
2-1: Foul Ball, location: 2F
2-2: Foul Ball, location: 2F
2-2: Foul Ball, location: 2F
2-2: Ground out 4-3 (Groundball, 4)
Top of the 6th over - 1 run, 3 hits, 0 errors, 2 left on base; Texas 4 - Oklahoma 3
BOTTOM OF THE 6TH
Oklahoma Sooners batting - Pitching for Texas Longhorns : RHP Scott Hughes
Batting: RHB Matt Eberhardt 0-0: Ball
1-0: Ball
2-0: Fly out, F9 (Flyball, 89D)
Batting: RHB Jarred Ryan 0-0: Foul Ball, location: 2F
0-1: Fly out, F8 (Flyball, 8LM)
Batting: LHB Jake Dingler 0-0: DOUBLE (Groundball, 5L)
Batting: LHB Ken Wood 0-0: Ball
1-0: Ball
2-0: Ball
3-0: Called Strike
3-1: Base on Balls
Batting: SHB David Logsdon 0-0: Swinging Strike
0-1: SINGLE (Groundball, 34D)
Jake Dingler to third
Ken Wood to second
Runner from 3rd tries for Home, SAFE, throw made home
Batting: RHB Bronson Shanks 0-0: Ball
1-0: Swinging Strike
1-1: Ball
2-1: Ball
3-1: Base on Balls
Ken Wood to third
David Logsdon to second
Batting: LHB Jonathan Vigil 0-0: Ball
1-0: Fielders Choice at 2nd, 6-4 (Groundball, 6)
Bottom of the 6th over - 1 run, 2 hits, 0 errors, 3 left on base; Texas 4 - Oklahoma 4
TOP OF THE 7TH
Texas Longhorns batting - Pitching for Oklahoma Sooners : RHP Dave Grant
Batting: LHB Brad Reis 0-0: Ball
1-0: Ball
2-0: Foul Ball, location: 2F
2-1: Ball
3-1: Base on Balls
Batting: SHB David Martin 0-0: Ball
1-0: Ball
2-0: Ball
3-0: Called Strike
3-1: Called Strike
3-2: SINGLE (Groundball, 4MD)
Brad Reis to second
Batting: SHB Zach Bolton 0-0: Bunt - Flyout! F1
Batting: SHB Craig Hopkinson 0-0: Foul Ball, location: 2F
0-1: Ball
1-1: Called Strike
Brad Reis steals 3rd base
1-2: Foul Ball, location: 2F
1-2: Strikes out swinging
Batting: RHB Kyle Page 0-0: Ball
1-0: Ball
2-0: Foul Ball, location: 2F
2-1: Ball
3-1: Foul Ball, location: 2F
3-2: Ground out 6-3 (Groundball, 6)
Top of the 7th over - 0 runs, 1 hit, 0 errors, 2 left on base; Texas 4 - Oklahoma 4
BOTTOM OF THE 7TH
Oklahoma Sooners batting - Pitching for Texas Longhorns : RHP Scott Hughes
Batting: SHB Quincy Slaughter 0-0: Called Strike
0-1: Foul Ball, location: 2F
0-2: Ball
1-2: Fly out, F3 (Line Drive, 3)
Pinch Hitting: RHB David George 0-0: SINGLE (Line Drive, 89M)
Pitching: LHP Jacob Fawcett
Batting: RHB Matt Eberhardt 0-0: Ball
1-0: Called Strike
1-1: Ball
2-1: Called Strike
2-2: 2-RUN HOME RUN (Flyball, 78D), Distance : 404 ft
Batting: RHB Jarred Ryan 0-0: Ball
1-0: Ball
2-0: Called Strike
2-1: Fly out, F8 (Flyball, 89D)
Batting: LHB Jake Dingler 0-0: Ball
1-0: Ball
2-0: Ball
3-0: Called Strike
3-1: Base on Balls
Batting: LHB Ken Wood 0-0: Foul Ball, location: 2F
0-1: Ball
1-1: Ball
2-1: Called Strike
2-2: Foul Ball, location: 2F
2-2: Strikes out swinging
Bottom of the 7th over - 2 runs, 2 hits, 0 errors, 1 left on base; Texas 4 - Oklahoma 6
TOP OF THE 8TH
Texas Longhorns batting - Pitching for Oklahoma Sooners : RHP Dave Grant
Now in CF: Dave Thomas
Batting: RHB Pat Willis 0-0: SINGLE (Groundball, 4MS) (infield hit)
Pitching: RHP Jake Wilson
Batting: LHB Alfonso Liriano 0-0: Ball
1-0: Foul Ball, location: 2F
1-1: Called Strike
1-2: SINGLE (Flyball, 9LS)
Pat Willis to second
Runner from 2nd tries for 3rd, SAFE, no throw
Batting: RHB Tony de Leon 0-0: Called Strike
0-1: Called Strike
0-2: Ball
1-2: Foul Ball, location: 2F
1-2: Ball
2-2: Strikes out swinging
Batting: LHB David Hernandez 0-0: Ball
1-0: 3-RUN HOME RUN (Flyball, 9D), Distance : 403 ft
Batting: LHB Brad Reis 0-0: Ball
1-0: Ball
2-0: Fly out, F8 (Flyball, 8RD)
Batting: SHB David Martin 0-0: Called Strike
0-1: Ball
1-1: Foul Ball, location: 2F
1-2: Foul Ball, location: 2F
1-2: Strikes out swinging
Top of the 8th over - 3 runs, 3 hits, 0 errors, 0 left on base; Texas 7 - Oklahoma 6
BOTTOM OF THE 8TH
Oklahoma Sooners batting - Pitching for Texas Longhorns : LHP Jacob Fawcett
Batting: SHB David Logsdon 0-0: Ball
1-0: Ball
2-0: Foul Ball, location: 2F
2-1: Ball
3-1: Ground out 4-3 (Groundball, 4)
Batting: RHB Bronson Shanks 0-0: Ball
1-0: Ground out 1-3 (Groundball, 15S)
Batting: LHB Jonathan Vigil 0-0: Called Strike
0-1: Ball
1-1: Foul Ball, location: 2F
1-2: Foul Ball, location: 2F
1-2: Ground out 4-3 (Groundball, 4)
Bottom of the 8th over - 0 runs, 0 hits, 0 errors, 0 left on base; Texas 7 - Oklahoma 6
TOP OF THE 9TH
Texas Longhorns batting - Pitching for Oklahoma Sooners : RHP Jake Wilson
Batting: SHB Zach Bolton 0-0: Ball
1-0: Foul Ball, location: 2F
1-1: Ball
2-1: Foul Ball, location: 2F
2-2: Strikes out swinging
Batting: SHB Craig Hopkinson 0-0: Called Strike
0-1: Ball
1-1: Foul Ball, location: 2F
1-2: Ball
2-2: Fly out, F8 (Flyball, 8RD)
Batting: RHB Kyle Page 0-0: Ball
1-0: Called Strike
1-1: Ground out 1-3 (Groundball, 13S)
Top of the 9th over - 0 runs, 0 hits, 0 errors, 0 left on base; Texas 7 - Oklahoma 6
BOTTOM OF THE 9TH
Oklahoma Sooners batting - Pitching for Texas Longhorns : LHP Jacob Fawcett
Pinch Hitting: RHB Terry McCaffrey 0-0: Ball
1-0: Ball
2-0: Ball
3-0: Called Strike
3-1: Called Strike
3-2: Base on Balls
Pinch Runner at 1st Mike Sechrest:
Batting: RHB Dave Thomas 0-0: Ball
1-0: Sac Bunt - play at first, batter OUT! 5-4
Mike Sechrest to second
Batting: RHB Matt Eberhardt 0-0: Ball
1-0: Called Strike
1-1: Foul Ball, location: 2F
1-2: Foul Ball, location: 2F
1-2: Fly out, F9 (Flyball, 9D)
Runner from 2nd tags up, SAFE at 3rd, no throw
Pitching: LHP Nate Mullins
Batting: RHB Jarred Ryan 0-0: Ball
1-0: Ball
2-0: Swinging Strike
2-1: Called Strike
2-2: Strikes out swinging
Bottom of the 9th over - 0 runs, 0 hits, 0 errors, 1 left on base; Texas 7 - Oklahoma 6
Tuesday, October 31st, 2017 - OOTP Baseball 18.8 Build 76